 Dungeon Crawl Stone Soup version 0.26-a0-540-g8a0c9464d7 (webtiles) character file.

Game seed: 5739875355696261885

25307 HoaS the Brawler (level 12, -7/125 (126) HPs)
             Began as a Troll Monk on Aug 19, 2020.
             Was a High Priest of Makhleb.
             Mangled by a soldier ant (10 damage)
             ... on level 5 of the Lair of Beasts.
             The game lasted 00:29:00 (12563 turns).

HoaS the Brawler (Troll Monk)                      Turns: 12563, Time: 00:29:01

HP:   -7/125 (126)  AC:  3    Str: 22    XL:     12   Next: 88%
MP:   0/11          EV: 18    Int:  6    God:    Makhleb [*****.]
Gold: 1054          SH:  0    Dex: 22    Spells: 11/11 levels left

rFire    . . .     SeeInvis .     - Unarmed
rCold    . . .     Faith    .   (no shield)
rNeg     . . .     Spirit   +   B - +2 robe {MR+}
rPois    .         Reflect  .   (helmet restricted)
rElec    .         Harm     .   t - +2 cloak
rCorr    .                      (gloves unavailable)
MR       +....                  (boots unavailable)
Stlth    +++.......             n - amulet of guardian spirit
HPRegen  0.70/turn              x - +6 ring of dexterity
MPRegen  0.12/turn              a - ring of stealth

@: lethally poisoned (-7 -> -8), corroded
A: large, unfitting armour, claws 3, regeneration 1, shaggy fur 1, tough skin 3
a: Minor Destruction, Lesser Servant of Makhleb, Major Destruction, Greater
Servant of Makhleb, Renounce Religion


You were on level 5 of the Lair of Beasts.
You worshipped Makhleb.
Makhleb was extremely pleased with you.
You visited 3 branches of the dungeon, and saw 16 of its levels.

You collected 1117 gold pieces.
You spent 63 gold pieces at shops.

Inventory:

Hand Weapons
 p - the +9 quarterstaff of the Enemy {vorpal, rF- MR++}
   (You took it off a goblin on level 4 of the Dungeon)

   It inflicts extra damage upon your enemies.
   It makes you vulnerable to fire.
   It affects your resistance to hostile enchantments.
Armour
 t - a +2 cloak (worn)
 B - a +2 robe of magic resistance (worn)
Jewellery
 a - a ring of stealth (right claw)
 n - an amulet of guardian spirit (around neck)
 x - a +6 ring of dexterity (left claw)
Wands
 g - a wand of disintegration (22)
 h - a wand of acid (8)
 j - a wand of paralysis (8)
 o - a wand of iceblast (40)
 q - a wand of flame (26)
 s - a wand of polymorph (17)
 y - a wand of digging (7)
 D - a wand of enslavement (7)
Scrolls
 c - 6 scrolls of remove curse
 r - 2 scrolls of fear
 u - 4 scrolls of identify
 z - 2 scrolls of magic mapping
 A - 8 scrolls of teleportation
 C - a scroll of fog
 F - a scroll of blinking {unknown}
Potions
 b - 5 potions of curing
 d - 3 potions of mutation
 e - 3 potions of haste
 f - a potion of might
 i - 3 potions of ambrosia
 k - 5 potions of lignification
 l - 3 potions of heal wounds
 m - a potion of resistance
 v - 2 potions of flight
 w - 2 potions of berserk rage
 E - a potion of cancellation {unknown}


   Skills:
 + Level 9.7 Fighting
 + Level 9.7 Dodging
 - Level 1.0 Stealth
 * Level 15.1 Unarmed Combat


You had 11 spell levels left.
You didn't know any spells.
Your spell library contained the following spells:

 Spells                   Type           Power        Failure   Level
 Animate Skeleton         Necr           #.....       45%         1
 Apportation              Tloc           #.....       45%         1
 Corona                   Hex            #......      45%         1
 Foxfire                  Conj/Fire      #...         45%         1
 Freeze                   Ice            #...         45%         1
 Pain                     Necr           #...         45%         1
 Summon Small Mammal      Summ           #...         45%         1
 Call Imp                 Summ           #.......     58%         2
 Slow                     Hex            #.......     58%         2
 Call Canine Familiar     Summ           #.......     83%         3
 Conjure Flame            Conj/Fire      #.......     83%         3
 Frozen Ramparts          Ice            #.....       83%         3
 Inner Flame              Hex/Fire       #.......     83%         3
 Ozocubu's Armour         Ice            #.......     83%         3
 Portal Projectile        Hex/Tloc       #.....       83%         3
 Summon Guardian Golem    Hex/Summ       #.......     83%         3
 Vampiric Draining        Necr           #.........   83%         3
 Animate Dead             Necr           #.........   99%         4
 Cause Fear               Hex            #.........   99%         4
 Hailstorm                Conj/Ice       #.......     99%         4
 Leda's Liquefaction      Hex/Erth       #.........   99%         4
 Sticky Flame             Conj/Fire      #.......     99%         4
 Summon Ice Beast         Ice/Summ       #.......     99%         4
 Summon Lightning Spire   Summ/Air       #.......     99%         4
 Agony                    Necr           #.......     100%        5
 Fireball                 Conj/Fire      #.........   100%        5


Dungeon Overview and Level Annotations

Branches:
Dungeon (10/15)            Temple (1/1) D:4            Lair (5/6) D:8
 Shoals (0/4) Lair:3        Snake (0/4) Lair:3
  Slime: Lair:5-6       Orc: D:9-12

Altars:
Cheibriados
Dithmenos
Elyvilon
Fedhas
Gozag
Hepliaklqana
Kikubaaqudgha
Makhleb
Nemelex Xobeh
Okawaru
Qazlal
Ru
Sif Muna
Trog
Uskayaw
Vehumet
Wu Jian
Xom
Yredelemnul
Zin
The Shining One

Shops:
D:4 ?   D:5 *   D:7 [   D:10 *

Annotations:
Lair:1 exclusion: 4 oklob plants


Innate Abilities, Weirdness & Mutations

You are too large for most types of armour.
You have claws for hands.
Your natural rate of healing is unusually fast.
You are covered in fur. (AC +1)
You have extremely tough skin. (AC +3)


Message History

The entropic weave corrodes you! The soldier ant barely misses you.
You closely miss the entropy weaver.
The entropy weaver is moderately wounded.
You feel sick. The entropy weaver hits you! The entropy weaver hits you.
The entropy weaver hits you!
* * * LOW HITPOINT WARNING * * *
The entropy weaver hits you.
* * * LOW HITPOINT WARNING * * *
The soldier ant barely misses you.
You mangle the entropy weaver!!
The entropy weaver is heavily wounded.
You feel sick. The entropy weaver hits you.
* * * LOW HITPOINT WARNING * * *
The entropy weaver hits you!
* * * LOW HITPOINT WARNING * * *
The entropy weaver hits you.
* * * LOW HITPOINT WARNING * * *
The entropy weaver hits you but does no damage.
You feel sick. The soldier ant stings you!
You die...

.#.... #.#....#.....
....#. ##.....#..... ## a
...#..#.......... .#.# ##
#.#.##....#.##+#
..#.##.####.##......##.+
.........................
.........................
......aa.................
.......a@....†...........
..........!......P..P.#.#
.................#####.##
#................# ..
.......##.##..P..#
.......P....#....#
.............##....


PP........... ..PP.. ......#.... ....... You could see an entropy weaver, a
soldier ant and a worker ant.

Vanquished Creatures
  Fannar (Lair:1)
  A hydra (D:9)
  A catoblepas (Lair:3)
  A queen ant (Lair:5)
  2 two-headed ogres
  Urug (Lair:3)
  Nergalle (Lair:1)
  An ugly thing (D:10)
  A manticore (D:10)
  A black mamba (Lair:3)
  5 cane toads
  2 rime drakes
  4 komodo dragons
  A troll (D:10)
  A hornet (D:10)
  Grinder (D:3)
  7 hippogriffs
  A snapping turtle (Lair:3)
  A wyvern (Lair:4)
  21 yaks
  5 basilisks
  10 soldier ants
  15 water moccasins
  8 porcupines
  3 orc warriors
  A sky beast (D:6)
  A phantom (D:8)
  2 black bears (D:7)
  An ice beast (D:9)
  A necrophage (D:8)
  3 centaurs
  4 ogres
  7 wolves
  20 crocodiles
  A big kobold (D:8)
  10 bullfrogs
  A wyvern zombie (D:10)
  A gnoll sergeant (D:9)
  2 scorpions
  8 killer bees
  2 howler monkeys
  An electric eel (D:9)
  2 bullfrog zombies
  3 jellies
  A centaur zombie (D:6)
  Crazy Yiuf (D:7)
  7 orc priests
  7 hounds
  Terence (D:3)
  4 iguanas
  13 orc wizards
  16 worker ants
  2 hound skeletons
  Robin (D:4)
  A howler monkey skeleton (D:4)
  8 gnolls
  15 adders
  2 shadow imps
  A white imp (D:10)
  An ufetubus (D:7)
  3 adder skeletons
  3 worms (D:2)
  2 dart slugs
  5 leopard geckos
  35 orcs
  8 bats
  3 giant cockroaches
  13 goblins
  14 hobgoblins
  6 jackals
  12 kobolds
  4 quokkas
  2 ball pythons (Lair:3)
  4 frilled lizards
  6 rats
368 creatures vanquished.

Vanquished Creatures (others)
  A hobgoblin (D:3)
  5 fungi
  8 plants
14 creatures vanquished.

Grand Total: 382 creatures vanquished

Notes
Turn   | Place    | Note
-------+----------+-------------------------------------------
     0 | D:1      | HoaS the Troll Monk began the quest for the Orb.
     0 | D:1      | Reached XP level 1. HP: 22/22 MP: 0/0
   148 | D:1      | Reached XP level 2. HP: 29/29 MP: 1/1
   669 | D:2      | Reached XP level 3. HP: 33/36 MP: 2/2
   731 | D:2      | Found a bloodstained altar of Trog.
   804 | D:2      | Reached skill level 4 in Unarmed Combat
  1024 | D:2      | Reached XP level 4. HP: 42/44 MP: 3/3
  1027 | D:2      | Found a glowing golden altar of the Shining One.
  1327 | D:3      | Noticed Grinder
  1512 | D:3      | Reached XP level 5. HP: 53/53 MP: 2/4
  1592 | D:3      | Found a white marble altar of Elyvilon.
  1598 | D:3      | Noticed Terence
  1652 | D:3      | Killed Terence
  1783 | D:3      | Paralysed by Grinder for 2 turns
  1793 | D:3      | Killed Grinder
  1793 | D:3      | Reached skill level 5 in Unarmed Combat
  1793 | D:3      | Reached XP level 6. HP: 41/62 MP: 5/5
  2193 | D:4      | Noticed Robin
  2221 | D:4      | Identified the +9 quarterstaff of the Enemy {vorpal, rF-
                  | MR++}
  2303 | D:4      | Killed Robin
  2326 | D:4      | Found a staircase to the Ecumenical Temple.
  2334 | Temple   | Entered the Ecumenical Temple
  2429 | D:4      | Reached skill level 6 in Unarmed Combat
  2429 | D:4      | Reached XP level 7. HP: 47/68 MP: 2/6
  2525 | D:4      | Found a blossoming altar of Fedhas.
  2721 | D:4      | Found Aliro's Magic Scroll Emporium.
  3232 | D:5      | Entered Level 5 of the Dungeon
  3317 | D:5      | Reached skill level 7 in Unarmed Combat
  3335 | D:5      | Found an ancient bone altar of Kikubaaqudgha.
  3337 | D:5      | Found a shimmering blue altar of Sif Muna.
  3339 | D:5      | Found a radiant altar of Vehumet.
  3370 | D:5      | Identified Sif Muna's Tome of Curses
  3424 | D:5      | Reached XP level 8. HP: 16/79 MP: 1/7
  3935 | D:5      | Found Tiochiun's General Store.
  3938 | D:5      | Bought a +0 cloak for 63 gold pieces
  4507 | D:6      | Reached skill level 8 in Unarmed Combat
  4508 | D:6      | Reached skill level 5 in Dodging
  4989 | D:7      | Reached skill level 5 in Fighting
  5039 | D:7      | Found a shadowy altar of Dithmenos.
  5234 | D:7      | Found Otidupeg's Armour Boutique.
  5486 | D:7      | Reached XP level 9. HP: 65/88 MP: 4/8
  5508 | D:7      | Found a runed translucent door.
  5509 | D:7      | Noticed Crazy Yiuf
  5598 | D:7      | Reached skill level 9 in Unarmed Combat
  5732 | D:7      | Killed Crazy Yiuf
  5820 | D:8      | Noticed a two-headed ogre
  5955 | D:8      | Found a hazy altar of Hepliaklqana.
  6034 | D:8      | Found a burning altar of Makhleb.
  6050 | D:8      | Became a worshipper of Makhleb the Destroyer
  6050 | D:8      | Reached * piety under Makhleb
  6050 | D:8      | Reached ** piety under Makhleb
  6110 | D:8      | Reached skill level 10 in Unarmed Combat
  6134 | D:8      | Killed a two-headed ogre
  6150 | D:8      | Reached XP level 10. HP: 85/99 MP: 9/9
  6282 | D:8      | Found a staircase to the Lair.
  6311 | D:8      | Reached skill level 11 in Unarmed Combat
  6702 | D:9      | Found a bloodstained altar of Trog.
  6719 | D:9      | Noticed a five-headed hydra
  6742 | D:9      | Killed a five-headed hydra
  6891 | D:9      | Found an opulent altar of Gozag.
  7124 | D:9      | Found an ornate altar of the Wu Jian Council.
  7247 | D:10     | Entered Level 10 of the Dungeon
  7357 | D:10     | Noticed a manticore
  7366 | D:10     | Killed a manticore
  7366 | D:10     | Reached skill level 12 in Unarmed Combat
  7462 | D:10     | Reached *** piety under Makhleb
  7579 | D:10     | Reached XP level 11. HP: 102/108 MP: 8/10
  7627 | D:10     | Found Etinguzo's Assorted Antiques.
  8011 | D:10     | Noticed a two-headed ogre
  8019 | D:10     | Killed a two-headed ogre
  8076 | D:10     | Noticed a purple ugly thing
  8090 | D:10     | Killed a purple ugly thing
  8522 | Lair:1   | Entered Level 1 of the Lair of Beasts
  8539 | Lair:1   | Reached **** piety under Makhleb
  8546 | Lair:1   | Noticed an oklob plant
  8546 | Lair:1   | Noticed an oklob plant
  8546 | Lair:1   | Noticed an oklob plant
  8546 | Lair:1   | Noticed an oklob plant
  8601 | Lair:1   | Reached skill level 13 in Unarmed Combat
  8734 | Lair:1   | Noticed Nergalle
  8738 | Lair:1   | Noticed Fannar
  8747 | Lair:1   | Killed Nergalle
  9094 | Lair:1   | Killed Fannar
  9833 | Lair:2   | Reached XP level 12. HP: 111/121 MP: 8/11
 10162 | Lair:2   | Reached skill level 14 in Unarmed Combat
 10600 | Lair:3   | Found a staircase to the Snake Pit.
 10619 | Lair:3   | Reached ***** piety under Makhleb
 10700 | Lair:3   | Noticed Urug
 10709 | Lair:3   | Killed Urug
 11191 | Lair:3   | Noticed a catoblepas
 11216 | Lair:3   | Killed a catoblepas
 11320 | Lair:3   | Found a staircase to the Shoals.
 12367 | Lair:5   | Noticed an entropy weaver
 12368 | Lair:5   | Noticed a queen ant
 12369 | Lair:5   | Noticed an entropy weaver
 12414 | Lair:5   | Killed a queen ant
 12414 | Lair:5   | Reached skill level 15 in Unarmed Combat
 12562 | Lair:5   | HP: 3/125 [entropy weaver (4)]
 12563 | Lair:5   | Mangled by a soldier ant

Illustrated notes

Levels and vault maps discovered:
D:1:      minmay_arrival_shattered_statue, layout_basic
D:2:      layout_basic, nicolae_overflow_crystal_walls,
          nicolae_tso_swordbearing_angel, minmay_misc_feat_x,
          minmay_quadrilaterals
D:3:      layout_basic, elyvilon_altar_4, hangedman_decor_growths,
          grunt_decor_arrowhead, uniq_grinder, uniq_terence
D:4:      layout_basic, fedhas_ov_isle_minmay, minmay_temple_entry_sparse_star,
          serial_shops, shop, uniq_robin
D:5:      layout_loops_corners, grunt_temple_overflow_magic_moments,
          serial_shops, shop
D:6:      layout_cave_pods
D:7:      layout_basic, serial_shops, shop_statue,
          nicolae_dithmenos_the_darkroom, uniq_crazy_yiuf_cottage
D:8:      layout_basic, nicolae_overflow_hidden_temple, minmay_lair_entry_grove,
          basic_altar
D:9:      layout_cave_pools, lemuel_doored_altar, kennysheep_little_box,
          kennysheep_cross_bottleneck, bloody_trog
D:10:     layout_grid_maze, serial_shops,
          nicolae_shop_competitors_out_of_business
Temple:   eino_temple_lava
Lair:1:   layout_layer_cave, serial_bayou_shore_b, minmay_lair_oklob_chamber,
          infiniplex_staircase_pool_2, lemuel_fruit_fields, lemuel_fruit_tree,
          uniq_fannar, uniq_nergalle
Lair:2:   layout_regular_city, beast_lair_carwin_7
Lair:3:   layout_gridlike, minmay_shoals_entry_hut,
          minmay_snake_entry_six_corridors, grunt_megastairs_1, uniq_urug
Lair:4:   layout_cave_pods
Lair:5:   layout_regular_city, dpeg_slime_entry_enclosed_altar,
          minmay_another_anthill

Skill      XL: |  1  2  3  4  5  6  7  8  9 10 11 12 |
---------------+-------------------------------------+-----
Unarmed Combat | 4 5 6 7 8 10 12 13 15 | 15.1
Dodging        | 3 4 5 6 7 8 9 |  9.7
Fighting       | 3 4 5 6 7 8 9 |  9.7
Stealth        | |  1.0

Action                   |  1- 3 |  4- 6 |  7- 9 | 10-12 || total
-------------------------+-------+-------+-------+-------++-------
Melee: Unarmed           |    86 |   157 |   268 |   629 ||  1140
       Punch             |     2 |     2 |    16 |    76 ||    96
       Quarterstaff      |       |       |       |     7 ||     7
Evoke: Wand              |       |       |       |     6 ||     6
  Use: Scroll            |     6 |     2 |    10 |     9 ||    27
       Potion            |       |       |     2 |     2 ||     4
 Stab: Sleeping          |     5 |       |     5 |     9 ||    19
       Distracted        |       |       |       |     2 ||     2
Armor: Robe              |    22 |    46 |    48 |   128 ||   244
Dodge: Dodged            |    33 |   101 |   131 |   403 ||   668

Table legend: (Time is in decaauts)
 A = Elapsed time spent in this place.
 B = Non-inter-level travel time spent in this place.
 C = Inter-level travel time spent in this place.
 D = Time resting spent in this place.
 E = Time spent auto-exploring this place.
 F = Levels seen in this place.
 G = Mean time per level.
                   A        B        C        D        E       F      G
               +--------+--------+--------+--------+--------+-----+--------+
         Total |  12317 |  11701 |    616 |   1113 |   7963 |  16 |  769.8 |
       Dungeon |   8366 |   7862 |    504 |    826 |   5283 |  10 |  836.6 |
        Temple |     80 |     80 |      0 |      0 |     67 |   1 |   80.0 |
          Lair |   3870 |   3758 |    112 |    287 |   2613 |   5 |  774.0 |
               +--------+--------+--------+--------+--------+-----+--------+

Top non-repeatable levels by time:
    D:10: 1182 daAuts
  Lair:1: 1156 daAuts
  Lair:3: 935 daAuts
     D:4: 924 daAuts
     D:5: 919 daAuts
     D:7: 907 daAuts
     D:8: 865 daAuts
     D:2: 840 daAuts
  Lair:4: 788 daAuts
     D:3: 778 daAuts
     D:6: 754 daAuts
  Lair:2: 744 daAuts
     D:9: 606 daAuts
     D:1: 587 daAuts
  Lair:5: 246 daAuts
